 Dungeon Crawl Stone Soup version 0.26-a0-663-g36e8fdb655 (webtiles) character file.

Game seed: 2368531803109335348

247 Grim the Stinger (level 6, -1/49 HPs)
             Began as a Naga Venom Mage on Oct 11, 2020.
             Slain by a killer bee zombie (2 damage)
             ... on level 4 of the Dungeon.
             The game lasted 00:06:29 (2736 turns).

Grim the Stinger (Naga Venom Mage)                  Turns: 2736, Time: 00:06:29

Health: -1/49      AC:  1    Str: 10    XL:     6   Next: 11%
Magic:  9/9        EV:  9    Int: 17    God:
Gold:   56         SH:  0    Dex: 12    Spells: 0/9 levels left

rFire    . . .     SeeInvis +   c - +4 mace
rCold    . . .     Faith    .   (no shield)
rNeg     . . .     Spirit   .   k - -2 leather armour (curse)
rPois    +         Reflect  .   (no helmet)
rElec    .         Harm     .   (no cloak)
rCorr    .         Rampage  .   (no gloves)
MR       .....                  (no barding)
Stlth    ++........             (no amulet)
HPRegen  0.16/turn              (no ring)
MPRegen  0.11/turn              (no ring)

@: brilliant, very slow
A: large, see invisible, deformed body, poison resistance, slowness 2, spit
poison 1, AC +2
a: Spit Poison


You were on level 4 of the Dungeon.
You visited 1 branch of the dungeon, and saw 3 of its levels.

You collected 56 gold pieces.

Inventory:

Hand Weapons
 c - a +4 mace (weapon)
 i - a +0 quarterstaff
Missiles
 d - 28 poisoned darts (quivered)
Armour
 a - a +0 robe
 k - a cursed -2 leather armour (worn)
Wands
 j - a wand of random effects (7)
Scrolls
 e - a scroll of identify
 h - a scroll of immolation {unknown}
Potions
 f - a potion of stabbing


   Skills:
 - Level 1.5 Dodging
 - Level 3.0 Stealth
 - Level 2.0 Spellcasting
 + Level 4.1 Transmutations
 + Level 6.8 Poison Magic


You couldn't memorise any spells.
You knew the following spells:

 Your Spells              Type           Power        Failure   Level
a - Sting                 Tmut/Pois      ####         2%          1
b - Poisonous Vapours     Pois/Air       ###...       10%         2
c - Mephitic Cloud        Conj/Pois/Air  ##......     30%         3
d - Ignite Poison         Fire/Tmut/Pois ###.....     17%         3

Your spell library contained the following spells:

 Spells                   Type           Power        Failure   Level
 Olgreb's Toxic Radiance  Pois           #####...     16%         4


Dungeon Overview and Level Annotations

Branches:
Dungeon (2/15)

Altars:


Innate Abilities, Weirdness & Mutations

You cannot wear boots.
Your serpentine skin is tough. (AC +2)
You have supernaturally acute eyesight. (SInv)
Armour fits poorly on your strangely shaped body.
Your system is resistant to poisons. (rPois)
You cover ground very slowly.
You can spit poison.


Message History

* * * LOW HITPOINT WARNING * * *
The killer bee zombie hits you.
* * * LOW HITPOINT WARNING * * *
The killer bee zombie hits you but does no damage.
You closely miss the killer bee zombie.
The killer bee zombie is lightly damaged.
The killer bee zombie hits you.
* * * LOW HITPOINT WARNING * * *
The killer bee zombie closely misses you.
Unknown command.
It was a potion of magic.
Magic courses through your body.
The killer bee zombie barely misses you.
The killer bee zombie hits you.
* * * LOW HITPOINT WARNING * * *
Okay, then.
You feel clever all of a sudden. The killer bee zombie hits you.
* * * LOW HITPOINT WARNING * * *
The killer bee zombie hits you.
You die...

##.......≈.≈≈.
...........≈≈.
..
#.........♣≈≈
#.#
#........≈≈≈.
..
#####.#####.
##.# #.## ...
#..# #.# ##.#
##Z# #.# #[@#
#.## ##.##
#..#####..#
##.......##
###.##### #.#
#.# #.# #.#


You could see a killer bee zombie.

Vanquished Creatures
  Sigmund (D:2)
  6 adders (D:2)
  An ooze (D:1)
  A worm (D:2)
  A leopard gecko (D:1)
  2 ball pythons (D:2)
  6 hobgoblins
  A jackal (D:1)
  2 kobolds (D:1)
  2 frilled lizards (D:2)
  4 goblins
  2 rats
29 creatures vanquished.

Notes
Turn   | Place    | Note
-------+----------+-------------------------------------------
     0 | D:1      | Grim the Naga Venom Mage began the quest for the Orb.
     0 | D:1      | Reached XP level 1. HP: 15/15 MP: 3/3
   406 | D:1      | Reached XP level 2. HP: 12/22 MP: 5/5
   612 | D:1      | Learned a level 2 spell: Poisonous Vapours
  1195 | D:2      | Reached XP level 3. HP: 22/28 MP: 3/6
  1365 | D:2      | Reached skill level 5 in Poison Magic
  1649 | D:2      | Reached XP level 4. HP: 21/36 MP: 3/7
  2031 | D:2      | Noticed Sigmund
  2389 | D:2      | Killed Sigmund
  2389 | D:2      | Reached skill level 6 in Poison Magic
  2389 | D:2      | Reached XP level 5. HP: 21/42 MP: 0/8
  2389 | D:2      | Reached XP level 6. HP: 25/49 MP: 0/9
  2692 | D:2      | Learned a level 3 spell: Mephitic Cloud
  2696 | D:2      | Learned a level 3 spell: Ignite Poison
  2712 | D:2      | You fall into a shaft and drop 2 floors!
  2736 | D:4      | HP: 1/49 [killer bee zombie (6)]
  2736 | D:4      | Slain by a killer bee zombie

Illustrated notes

Levels and vault maps discovered:
D:1:      minmay_arrival_widening_spiral_wide, layout_loops_ring,
          minmay_fountain_box, st_stairs_1, chequers_serial_rivers_micro_a
D:2:      layout_basic, uniq_sigmund
D:4:      layout_rooms, serial_rivers, chequers_serial_rivers_micro_d,
          chequers_serial_rivers_marsh, chequers_serial_rivers_micro_c,
          chequers_serial_rivers_micro_a, chequers_serial_rivers_small_b,
          uniq_eustachio, uniq_robin

Skill      XL: |  1  2  3  4 |
---------------+-------------+-----
Transmutations | 2 4 |  4.1
Poison Magic   | 5 6 |  6.8
Dodging        | |  1.5
Stealth        | |  3.0
Spellcasting   | |  2.0

Action                   |  1- 3 |  4- 6 || total
-------------------------+-------+-------++-------
Melee: Unarmed           |    11 |       ||    11
       Mace              |    21 |    18 ||    39
Throw: Dart              |       |     1 ||     1
 Cast: Sting             |    12 |    11 ||    23
       Poisonous Vapours |     6 |     3 ||     9
 Abil: Spit Poison       |     5 |     4 ||     9
  Use: Potion            |       |     3 ||     3
       Scroll            |       |     2 ||     2
Armor: Robe              |     4 |     4 ||     8
       Leather armour    |       |     1 ||     1
Dodge: Dodged            |    26 |    24 ||    50

Table legend: (Time is in decaauts)
 A = Elapsed time spent in this place.
 B = Non-inter-level travel time spent in this place.
 C = Inter-level travel time spent in this place.
 D = Time resting spent in this place.
 E = Time spent auto-exploring this place.
 F = Levels seen in this place.
 G = Mean time per level.
                   A        B        C        D        E       F      G
               +--------+--------+--------+--------+--------+-----+--------+
         Total |   3143 |   3037 |    106 |   1444 |   1214 |   3 | 1047.7 |
       Dungeon |   3143 |   3037 |    106 |   1444 |   1214 |   3 | 1047.7 |
               +--------+--------+--------+--------+--------+-----+--------+

Top non-repeatable levels by time:
     D:1: 1689 daAuts
     D:2: 1421 daAuts
     D:4: 32 daAuts
